Workbook

Sheet Cover
A2: GALAXY FUTURES Shanghai office decoration
A3: Construction Quotation
B12: Remarks :
B13: 1、The following items are excluded in this quotation:
B14: 此报价不包括以下内容：
B15: a、All the system furniture
B16: 所有系统家具
B17: b、Others, please specify.
B18: 其他，请列明
B19: 2、Fire Protection will be done by landlord's nominated contractor.
B20: 消防工程将由物业\业主指定的承包商完成。
B21: 3、The price of A/C works will be done by landlord's nominated contractor.
B22: 空调工程将由物业\业主指定的承包商完成。
B23: 4、For any other issues, will be resolved through communication by both sides based on the contract.
B24: 对于任何其他问题，将通过双方基于合同的沟通来解决。
A46: *** construction engineering co. LTD.
A47: 43189

Sheet summary
A1: Summary汇总表
A2: Project NO. ：
A3: Project Name：GALAXY FUTURES Shanghai office decoration
A4: Date:2018_03_30
A5: 序号 | B5: DESCRIPTION | C5: quantity | D5: Unit | E5: Amount | F5: Note
A6: 一 | B6: decoration\装饰部分
A7: =Quotation!A6 -> A | B7: =Quotation!B6 -> Preliminaries/施工措施费 | C7: 1 | D7: sum | E7: =Quotation!F88 -> 0
A8: =Quotation!A90 -> B | B8: =Quotation!B90 -> Demolition Works/拆除工程 | C8: 1 | D8: sum | E8: =Quotation!F106 -> 0
A9: =Quotation!A108 -> C | B9: =Quotation!B108 -> Partition Works\隔墙工程 | C9: 1 | D9: sum | E9: =Quotation!F166 -> 0
A10: =Quotation!A168 -> D | B10: =Quotation!B168 -> Ceiling Works\天花工程 | C10: 1 | D10: sum | E10: =Quotation!F211 -> 0
A11: =Quotation!A213 -> E | B11: =Quotation!B213 -> Floor finishing/ 地面工程 | C11: 1 | D11: sum | E11: =Quotation!F283 -> 0
A12: =Quotation!A285 -> F | B12: =Quotation!B285 -> Wall finishing/墙面饰面 | C12: 1 | D12: sum | E12: =Quotation!F367 -> 0
A13: =Quotation!A369 -> G | B13: =Quotation!B369 -> Door works/ 门工程 | C13: 1 | D13: sum | E13: =Quotation!F406 -> 0
A14: =Quotation!A408 -> H | B14: =Quotation!B408 -> Carpentry Works & LOGO /固定家具及LOGO工程 | C14: 1 | D14: sum | E14: =Quotation!F436 -> 0
A15: =Quotation!A438 -> I | B15: =Quotation!B438 -> System furniture\活动家具工程 | C15: 1 | D15: sum | E15: =Quotation!F446 -> 0
A16: =Quotation!A448 -> J | B16: =Quotation!B448 -> Electrical Works/机电工程 | C16: 1 | D16: sum | E16: =Quotation!F536 -> 0
A17: =Quotation!A538 -> K | B17: =Quotation!B538 -> Water supply and drainage works/ 给排水工作 | C17: 1 | D17: sum | E17: =Quotation!F551 -> 0
A18: =Quotation!A553 -> L | B18: =Quotation!B553 -> cable system\综合布线 | C18: 1 | D18: sum | E18: =Quotation!F584 -> 0
A19: =Quotation!A585 -> M | B19: =Quotation!B585 -> Intelligent system、智能化工程 | C19: 1 | D19: sum | E19: =Quotation!F595 -> 0
A20: =Quotation!A597 -> N | B20: =Quotation!B597 -> Air-conditioning Works/空调工程（由大楼指定分包完成） | C20: 1 | D20: sum | E20: =Quotation!F604 -> 0
A21: =Quotation!A606 -> O | B21: =Quotation!B606 -> Fire System /消防工程（由大楼指定分包完成） | C21: 1 | D21: sum | E21: =Quotation!F613 -> 0
D23: Total | E23: =SUBTOTAL(9,E7:E22) -> 0
D25: Add site mangement fee (8%) | E25: =E23*8% -> 0
D27: Add government tax 11% | E27: =(E23+E25)*11% -> 0
D29: GRAND TOTAL | E29: =SUM(E23:E27) -> 0
B32: Net area (sqm) | E32: 2750.44
B33: RMB/sqm | E33: =E29/E32 -> 0
A38: 二 | B38: IT equipment\机房设备
A39: ='IT equipment'!A6 -> A | B39: ='IT equipment'!B6 -> UPS\不间断电源系统 | C39: 1 | D39: sum | E39: ='IT equipment'!G37 -> 0
A40: ='IT equipment'!A39 -> B | B40: ='IT equipment'!B39 -> The telephone system\电话系统 | C40: 1 | D40: sum | E40: ='IT equipment'!G100 -> 0
A41: ='IT equipment'!A102 -> C | B41: ='IT equipment'!B102 -> EMS\环境监控系统 | C41: 1 | D41: sum | E41: ='IT equipment'!G130 -> 0
A42: ='IT equipment'!A132 -> D | B42: ='IT equipment'!B132 -> 思科服务器 | C42: 1 | D42: sum | E42: ='IT equipment'!G190 -> 0
A43: ='IT equipment'!A192 -> E | B43: ='IT equipment'!B192 -> 监控系统 | C43: 1 | D43: sum | E43: ='IT equipment'!G217 -> 0
A44: ='IT equipment'!A219 -> F | B44: ='IT equipment'!B219 -> 门禁系统 | C44: 1 | D44: sum | E44: ='IT equipment'!G250 -> 0
D46: Total | E46: =SUBTOTAL(9,E39:E45) -> 0
D48: Add site mangement fee (8%) | E48: =E46*8% -> 0
D50: Add government tax 11% | E50: =(E46+E48)*11% -> 0
D52: GRAND TOTAL | E52: =SUM(E46:E50) -> 0
B55: Net area (sqm) | E55: 2750.44
B56: RMB/sqm | E56: =E52/E55 -> 0

Sheet Quotation
A1: QUOTATION工程量清单
A2: =summary!A2 -> Project NO. ：
A3: =summary!A3 -> Project Name：GALAXY FUTURES Shanghai office decoration
A4: =summary!A4 -> Date:2018_03_30
A5: 序号 | B5: DESCRIPTION OF WORKS | C5: quantity | D5: Unit | E5: Rate | F5: Amount
A6: A | B6: Preliminaries/施工措施费
A7: =SUBTOTAL(103,$C6:C$7) -> 1 | B7: Worker passport fee | C7: 1 | D7: sum | F7: =C7*E7 -> 0
B8: 工人出入证费
A10: =SUBTOTAL(103,$C$7:C10) -> 2 | B10: Drawing Vetting Fee by BMO | C10: 2750.44 | D10: sm | F10: =C10*E10 -> 0
B11: 大楼图纸审图费用
A13: =SUBTOTAL(103,$C$7:C13) -> 3 | B13: Submission to Quality Supervision Department and Safety Stand | C13: 1 | D13: sum | F13: =C13*E13 -> 0
B14: 报建费用
A16: =SUBTOTAL(103,$C$7:C16) -> 4 | B16: Project Insurance, incl. Project all Risks & 3rd Party Liability Insurance | C16: 1 | D16: sum | F16: =C16*E16 -> 0
B17: 工程保险，包括工程一切险/第三方责任险
A19: =SUBTOTAL(103,$C$7:C19) -> 5 | B19: Project Insurance: Workers Comprehensive Insurance | C19: 1 | D19: sum | F19: =C19*E19 -> 0
B20: 工程保险，工人综合险
A22: =SUBTOTAL(103,$C$7:C22) -> 6 | B22: Measures fee for civilized construction | C22: 1 | D22: sum | F22: =C22*E22 -> 0
B23: 文明施工措施费
A25: =SUBTOTAL(103,$C$7:C25) -> 7 | B25: Fire prevention facilities/secure strategies during construction. | C25: 25 | D25: set | F25: =C25*E25 -> 0
B26: 消防灭火器及箱子,2个灭火器加一个箱子为一组
A28: =SUBTOTAL(103,$C$7:C28) -> 8 | B28: Building Management attendance fee | C28: 2750.44 | D28: sm | F28: =C28*E28 -> 0
B29: 大厦收取管理费
A31: =SUBTOTAL(103,$C$7:C31) -> 9 | B31: Material inspection fee by fire department | C31: 4 | D31: sum | F31: =C31*E31 -> 0
B32: 消防部门材料检测费
A34: =SUBTOTAL(103,$C$7:C34) -> 10 | B34: Material inspection fee by quality department | C34: 8 | D34: nos | F34: =C34*E34 -> 0
B35: 质检部门材料检测费
A37: =SUBTOTAL(103,$C$7:C37) -> 11 | B37: Supply & install floor & wall protection at lift lobby and corridor | C37: 1 | D37: sum | F37: =C37*E37 -> 0
B38: 提供人工及材料对走道及电梯厅保护
A40: =SUBTOTAL(103,$C$7:C40) -> 12 | B40: Supply & install protection sheet to existing furniture /equipment | C40: 1 | D40: sum | F40: =C40*E40 -> 0
B41: 提供人工及材料对原有家具及设备进行施工期间保护
A43: =SUBTOTAL(103,$C$7:C43) -> 13 | B43: Protect works for existing curtain | C43: 1 | D43: sum | F43: =C43*E43 -> 0
B44: 原有幕墙保护
A46: =SUBTOTAL(103,$C$7:C46) -> 14 | B46: Protect works for existing air grille | C46: 1 | D46: sum | F46: =C46*E46 -> 0
B47: 原有空调风口保护
A49: =SUBTOTAL(103,$C$7:C49) -> 15 | B49: Site setting-out & marking | C49: 1 | D49: sum | F49: =C49*E49 -> 0
B50: 现场放线及标注
A52: =SUBTOTAL(103,$C$7:C52) -> 16 | B52: Measures fee for Scaffolding construction | C52: 1 | D52: sum | F52: =C52*E52 -> 0
B53: 脚手架搭建措施费
A55: =SUBTOTAL(103,$C$7:C55) -> 17 | B55: Clear debris for office premises during construction | C55: 1 | D55: sum | F55: =C55*E55 -> 0
B56: 施工期间现场垃圾清理
A58: =SUBTOTAL(103,$C$7:C58) -> 18 | B58: Material vertical transporation fee | C58: 1 | D58: sum | F58: =C58*E58 -> 0
B59: 施工期间材料垂直运输费用
A61: =SUBTOTAL(103,$C$7:C61) -> 19 | B61: Supply & install protection on completed floor finishes | C61: 1 | D61: sum | F61: =C61*E61 -> 0
B62: 对新建完成地面进行施工期间保护
A64: =SUBTOTAL(103,$C$7:C64) -> 20 | B64: Fire prevention facilities/secure strategies during construction. | C64: 1 | D64: sum | F64: =C64*E64 -> 0
B65: 施工期间消防/安全措施
A67: =SUBTOTAL(103,$C$7:C67) -> 21 | B67: To power system usage during project processing period. (Temporary MCB box, Lighting, Wiring etc.) | C67: 1 | D67: sum | F67: =C67*E67 -> 0
B68: 施工现场临时供电及照明设施
A70: =SUBTOTAL(103,$C$7:C70) -> 22 | B70: Water and Electricity supply from Building Management | C70: 1 | D70: sum | F70: =C70*E70 -> 0
B71: 大厦物业收取施工期间水电费
A73: =SUBTOTAL(103,$C$7:C73) -> 23 | B73: Debirs charge by BMO | C73: 2750.44 | D73: sm | F73: =C73*E73 -> 0
B74: 大楼收取的垃圾清运费
A76: =SUBTOTAL(103,$C$7:C76) -> 24 | B76: the parking Fee by BMO | C76: 1 | D76: sum | F76: =C76*E76 -> 0
B77: 大楼收取的停车费
A79: =SUBTOTAL(103,$C$7:C79) -> 25 | B79: Indoor air quality test fee, before system furnitrue installation | C79: 26 | D79: point | F79: =C79*E79 -> 0
B80: 室内空气质量检测费,于系统家具安装前
A82: =SUBTOTAL(103,$C$7:C82) -> 26 | B82: Supply professional cleaner for general cleaning work upon completion of renovation work , one time initial cleaning, one time precision cleaning | C82: 2750.44 | D82: sm | F82: =C82*E82 -> 0
B83: 提供专业清洁公司做竣工最终清洁,一次初保洁,一次完工精保洁 (家具安装前及家具安装后)
B85: Others, please specify.
B86: 其它，请列明
E88: SUBTOTAL(A) | F88: =SUBTOTAL(9,F7:F87) -> 0
A90: B | B90: Demolition Works/拆除工程
A91: =SUBTOTAL(103,$C$7:C91) -> 27 | B91: Protective demolition of existing Aluminum ceiling to match new layout plan | C91: 1 | D91: nos | F91: =C91*E91 -> 0
B92: 保护性拆除原有铝板天花，以满足新的平面布局
A94: =SUBTOTAL(103,$C$7:C94) -> 28 | B94: strip away existing painting to match new layout plan，including base coat | C94: 288 | D94: sm | F94: =C94*E94 -> 0
B95: 拆除原有墙面乳胶漆包含底漆，以满足新的平面布局
A97: =SUBTOTAL(103,$C$7:C97) -> 29 | B97: Demolish existing Aluminum skirting to match new layout plan | C97: 81.95 | D97: lm | F97: =C97*E97 -> 0
B98: 拆除原有踢脚线-铝合金，以满足新的平面布局
A100: =SUBTOTAL(103,$C$7:C100) -> 30 | B100: Protective demolition of existing lightings、air grille to match new layout plan | C100: 1 | D100: nos | F100: =C100*E100 -> 0
B101: 保护性拆除天花灯具、风口，以满足新的平面布局
A103: =SUBTOTAL(103,$C$7:C103) -> 30 | B103: Others, please specify.
B104: 其它，请列明
E106: SUBTOTAL(B) | F106: =SUBTOTAL(9,F91:F105) -> 0
A108: C | B108: Partition Works\隔墙工程
A109: =SUBTOTAL(103,$C$7:C109) -> 31 | B109: Supply and install Gysum board partition，From ground to false celling，celling interior keel gypsum board to top.with 1 layer of 12mm thick plaster board on both sides | C109: 1013.268 | D109: sm | F109: =C109*E109 -> 0
B110: 提供并安装轻钢龙骨石膏板隔墙，从地面至假天花,天花内部龙骨石膏板到顶(双面单层）
A112: =SUBTOTAL(103,$C$7:C112) -> 32 | B112: Gysum board partition on top of glass partition, door, operable wall etc.with 1 layer of 12mm thick plaster board on both sides | C112: 203.208 | D112: sm | F112: =C112*E112 -> 0
B113: 提供并安装石膏板隔墙于玻璃隔断，门，活动隔断上方等(双面单层）
A115: =SUBTOTAL(103,$C$7:C115) -> 33 | B115: Supply and install Stainless steel trim strip in 'U' channel,10mmW*10mmH | C115: 108 | D115: lm | F115: =C115*E115 -> 0
B116: 提供并安装铝合金条-10*10mm U型槽
A118: =SUBTOTAL(103,$C$7:C118) -> 34 | B118: Supply and install electromagnetic radiation shielding wall | C118: 102.864 | D118: sm | F118: =C118*E118 -> 0
B119: 提供并安装IT机房电磁辐射屏蔽墙（A级防火要求）
A121: =SUBTOTAL(103,$C$7:C121) -> 35 | B121: Supply and install Cement pressure plate partition，From ground to false celling，celling interior keel gypsum board to top.with 2 layers of board on one side | C121: 21.06 | D121: sm | F121: =C121*E121 -> 0
B122: 提供并安装型钢龙骨水泥板基层，从地面至假天花,天花内部石膏板到顶(单面双层）
A124: =SUBTOTAL(103,$C$7:C124) -> 36 | B124: Supply and install 1：2.5 cement mortar single surface batch/full wire mesh | C124: 21.06 | D124: sm | F124: =C124*E124 -> 0
B125: 提供1:2.5水泥砂浆单面批荡/满挂钢丝网
A127: =SUBTOTAL(103,$C$7:C127) -> 37 | B127: Supply and install rockwool insulation，From ground to ture celling | C127: 1340.4 | D127: sm | F127: =C127*E127 -> 0
B128: 提供并安装隔音棉，从地面至结构顶
A130: =SUBTOTAL(103,$C$7:C130) -> 38 | B130: Additional special track for operable wall, including reinforcement with existing ceiling structure | C130: 14.9 | D130: lm | F130: =C130*E130 -> 0
B131: 增加轨道为活动隔断,含与原有天花结构的加固工作
A133: =SUBTOTAL(103,$C$7:C133) -> 39 | B133: Supply and install operable wall，with 1 layer of fabric panel on both sides | C133: 15.9 | D133: sm | F133: =C133*E133 -> 0
B134: 提供并安装活动隔断，布艺硬包饰面
A136: =SUBTOTAL(103,$C$7:C136) -> 40 | B136: Additional reinforcement with steel for Office system partition | C136: 98.7 | D136: lm | F136: =C136*E136 -> 0
B137: 增加办公系统隔断天花上钢架加固
A139: =SUBTOTAL(103,$C$7:C139) -> 41 | B139: Supply and install Office system partition | C139: 150.52 | D139: sm | F139: =C139*E139 -> 0
B140: 提供并安装办公系统隔断，10+12mm超白钢化玻璃
A142: =SUBTOTAL(103,$C$7:C142) -> 42 | B142: Supply and install system partition door，don't including Door closers, ground springs, door locks, hardware. | C142: 20 | D142: set | F142: =C142*E142 -> 0
B143: 提供并安装系统隔断配套门含门框
A145: =SUBTOTAL(103,$C$7:C145) -> 43 | B145: Supply and install concealed installation door closer for door | C145: 20 | D145: nos | F145: =C145*E145 -> 0
B146: 提供及安装暗装闭门器于门
...

Sheet IT equipment
A1: QUOTATION工程量清单
A2: =Quotation!A2 -> Project NO. ：
A3: GALAXY FUTURES Shanghai office Net work
A4: =Quotation!A4 -> Date:2018_03_30
A5: 序号 | B5: DESCRIPTION OF WORKS | C5: model、size、specifications | D5: quantity | E5: Unit | F5: Rate | G5: Amount
A6: A | B6: UPS\不间断电源系统
A7: =SUBTOTAL(103,$D$6:D7) -> 1 | B7: Uninterrupted Power Supply | D7: 1 | E7: nos | G7: =D7*F7 -> 0
B8: UPS主机，50KVA（25K一个模块，125KV整体框）
A10: =SUBTOTAL(103,$D$6:D10) -> 2 | B10: battery | D10: 80 | E10: nos | G10: =D10*F10 -> 0
B11: 蓄电池12V-100AH
A13: =SUBTOTAL(103,$D$6:D13) -> 3 | B13: The battery cabinet | D13: 2 | E13: nos | G13: =D13*F13 -> 0
B14: 电池柜（一体化）定制
A16: =SUBTOTAL(103,$D$6:D16) -> 4 | B16: Dispersion force plane | D16: 3 | E16: nos | G16: =D16*F16 -> 0
B17: 散力架定制
A19: =SUBTOTAL(103,$D$6:D19) -> 5 | B19: Air switch box with air switch | D19: 2 | E19: nos | G19: =D19*F19 -> 0
B20: 直流空开带空开箱
A22: =SUBTOTAL(103,$D$6:D22) -> 6 | B22: Battery cable | D22: 80 | E22: lm | G22: =D22*F22 -> 0
B23: 电池连接线
A25: =SUBTOTAL(103,$D$6:D25) -> 7 | B25: Battery cable between box & battery | D25: 50 | E25: lm | G25: =D25*F25 -> 0
B26: 主机与电池间连接线（主机电池箱距离按5米预估）
A28: =SUBTOTAL(103,$D$6:D28) -> 8 | B28: The battery connects the copper terminal. | D28: 160 | E28: nos | G28: =D28*F28 -> 0
B29: 电池连接铜端子
A31: =SUBTOTAL(103,$D$6:D31) -> 9 | B31: Installation & Test Fees | D31: 1 | E31: sum | G31: =D31*F31 -> 0
B32: 货运搬运安装
A34: =SUBTOTAL(103,$D$6:D34) -> 9 | B34: Others, please specify. | G34: =D34*F34 -> 0
B35: 其它，请列明
F37: SUBTOTAL(A) | G37: =SUBTOTAL(9,G7:G36) -> 0
A39: B | B39: The telephone system\电话系统
A40: =SUBTOTAL(103,$D$6:D40) -> 10 | B40: IPO IP500 V2 CNTRL UNIT | D40: 1 | E40: nos | G40: =D40*F40 -> 0
B41: IPO500 V2 控制单元
A43: =SUBTOTAL(103,$D$6:D43) -> 11 | B43: IPO IP500 V2 SYS SD CARD AL | D43: 1 | E43: nos | G43: =D43*F43 -> 0
B44: IPO500 V2 系统SD卡
A46: =SUBTOTAL(103,$D$6:D46) -> 12 | B46: RACK MNTG KIT | D46: 11 | E46: nos | G46: =D46*F46 -> 0
B47: 机架安装配件
A49: =SUBTOTAL(103,$D$6:D49) -> 13 | B49: POWER LEAD (EARTHED) CHINA | D49: 11 | E49: nos | G49: =D49*F49 -> 0
B50: 电源线
A52: =SUBTOTAL(103,$D$6:D52) -> 14 | B52: IP OFFICE R9.1 UPGRADE ADI LIC:DS | D52: 1 | E52: nos | G52: =D52*F52 -> 0
B53: IPO R9.1升级许可（ADI）大型
A55: =SUBTOTAL(103,$D$6:D55) -> 15 | B55: IPO MC VCM 32 V2 | D55: 1 | E55: nos | G55: =D55*F55 -> 0
B56: IPO 500 MC VCM 32 V2
A58: =SUBTOTAL(103,$D$6:D58) -> 16 | B58: IPO IP500 TRNK PRI UNVRSL SNGL | D58: 2 | E58: nos | G58: =D58*F58 -> 0
B59: 提供1个E1接口
A61: =SUBTOTAL(103,$D$6:D61) -> 17 | B61: IPO IP500 EXT CARD PHONE 2 | D61: 2 | E61: nos | G61: =D61*F61 -> 0
B62: IPO 500 EXTENSION CARD PHONE 2
A64: =SUBTOTAL(103,$D$6:D64) -> 18 | B64: IPO IP500 EXP MOD PHONE 30 | D64: 10 | E64: nos | G64: =D64*F64 -> 0
B65: IPO 500 EXP MOD PHONE 30
A67: =SUBTOTAL(103,$D$6:D67) -> 19 | B67: IPO IP500 EXP CARD 4PT | D67: 1 | E67: nos | G67: =D67*F67 -> 0
B68: IPO IP500 4端口扩展模块卡
A70: =SUBTOTAL(103,$D$6:D70) -> 20 | B70: IP OFFICE R9.1 ESSENTIAL EDITION ADI LIC:DS | D70: 1 | E70: nos | G70: =D70*F70 -> 0
B71: IPO R9.1 基本版软件许可（ADI）
A73: =SUBTOTAL(103,$D$6:D73) -> 21 | B73: IP OFFICE R9.1 PREFERRED VOICEMAIL PRO ADI LIC:DS | D73: 1 | E73: nos | G73: =D73*F73 -> 0
B74: IPO R9.1 首选版软件许可（ADI）
A76: =SUBTOTAL(103,$D$6:D76) -> 22 | B76: IPO R9+ IP500 VCE NTWK 4 ADI LIC | D76: 4 | E76: nos | G76: =D76*F76 -> 0
B77: IPO R9+ IP500组网许可（ADI）
A79: =SUBTOTAL(103,$D$6:D79) -> 23 | B79: IPO R9+ AV IP ENDPT 20 ADI LIC | D79: 1 | E79: nos | G79: =D79*F79 -> 0
B80: IPO R9+ Avaya IP电话 20用户许可（ADI）
A82: =SUBTOTAL(103,$D$6:D82) -> 24 | B82: IPO R9+ IP500 E1 ADD 22CH ADI LIC | D82: 2 | E82: nos | G82: =D82*F82 -> 0
B83: IPO R9+ IP500 增加22个E1中继通道（ADI）
A85: =SUBTOTAL(103,$D$6:D85) -> 25 | B85: IPO R9+ IP500 E1 ADD 22CH ADI LIC | D85: 2 | E85: nos | G85: =D85*F85 -> 0
B86: ZIBO 梓博PRI录音卡 PCI插槽
A88: =SUBTOTAL(103,$D$6:D88) -> 26 | B88: ZIBO Billing software | D88: 1 | E88: nos | G88: =D88*F88 -> 0
B89: ZIBO 梓博计费软件
A91: =SUBTOTAL(103,$D$6:D91) -> 27 | B91: Industrial PC | D91: 1 | E91: nos | G91: =D91*F91 -> 0
B92: 工控机
A94: =SUBTOTAL(103,$D$6:D94) -> 28 | B94: Installation & Test Fees | D94: 1 | E94: sum | G94: =D94*F94 -> 0
B95: 安装调试测试费
A97: =SUBTOTAL(103,$D$6:D97) -> 28 | B97: Others, please specify. | G97: =D97*F97 -> 0
B98: 其它，请列明
F100: SUBTOTAL(B) | G100: =SUBTOTAL(9,G40:G99) -> 0
A102: C | B102: EMS\环境监控系统
A103: =SUBTOTAL(103,$D$6:D103) -> 29 | B103: IT辅助设备 | D103: 1 | E103: nos | G103: =D103*F103 -> 0
B104: 服务器-RH2288H V3-用于NetEco6000-中文基础版-双电源 | C104: WM5MSERVERA9-02311YAL | D104: 1 | E104: nos | G104: =D104*F104 -> 0
B105: Light Application Data Management Software Package(5.6 S),1年标准产品服务 | C105: WM5GLADMVE56-05331608 | D105: 1 | E105: nos | G105: =D105*F105 -> 0
A107: =SUBTOTAL(103,$D$6:D107) -> 32 | B107: 网络设备 | D107: 1 | E107: nos | G107: =D107*F107 -> 0
B108: 网络设备-短信猫-告警短信发送-GSM(GSM 900/1800Mhz,含3M天线,电源转接头) | C108: Modem-TD-8013-02232DQY | D108: 1 | E108: nos | G108: =D108*F108 -> 0
A110: =SUBTOTAL(103,$D$6:D110) -> 34 | B110: 采集器 | D110: 1 | E110: nos | G110: =D110*F110 -> 0
B111: 采集器 ECC500 | C111: IDSECC500SE0-02310RKL | D111: 1 | E111: nos | G111: =D111*F111 -> 0
A113: =SUBTOTAL(103,$D$6:D113) -> 36 | B113: 传感器 | D113: 1 | E113: nos | G113: =D113*F113 -> 0
B114: 传感器-非定位式水浸传感器-12VDC-支持常开或常闭触点-标配5m水浸绳,最大延长到50m | C114: LIQLVLSENS00-33010352 | D114: 1 | E114: nos | G114: =D114*F114 -> 0
B115: 传感器-温湿度传感器-带LED显示-12VDC供电-RS485 | C115: TEMHUMSENS00-33010346 | D115: 1 | E115: nos | G115: =D115*F115 -> 0
A117: =SUBTOTAL(103,$D$6:D117) -> 39 | B117: 能源辅助设备 | C117: 能源辅助设备 | D117: 3 | E117: nos | G117: =D117*F117 -> 0
B118: 制式电源线-中国交流250V10A-1.5m-(C14直公)-(227IEC53(RVV)1.0mm^2(3C))-(C13直母)-250V-10A-PDU电缆 | C118: IDS2PWRCBL00-04050188 | D118: 3 | E118: nos | G118: =D118*F118 -> 0
A120: =SUBTOTAL(103,$D$6:D120) -> 41 | B120: 软件 | D120: 1 | E120: nos | G120: =D120*F120 -> 0
B121: 基础软件-中型数据中心管理基础平台-License-含50智能节点接入 | C121: WM5BSCSOFT11-88034QMY | D121: 1 | E121: nos | G121: =D121*F121 -> 0
A123: =SUBTOTAL(103,$D$6:D123) -> 43 | B123: 技术支持 | D123: 1 | E123: nos | G123: =D123*F123 -> 0
B124: ECC500-Hi-Care高级服务标准+ 7x10xND-36月 | C124: 02310RKL-88134UFK-36——88134UFK | D124: 1 | E124: nos | G124: =D124*F124 -> 0
B125: 基础软件-中型数据中心管理基础平台-License-含50智能节点接入-Hi-Care应用软件支持服务-36月 | C125: 88034QMY-88134UGA-36——88134UGA | D125: 1 | E125: nos | G125: =D125*F125 -> 0
A127: =SUBTOTAL(103,$D$6:D127) -> 45 | B127: Others, please specify. | G127: =D127*F127 -> 0
B128: 其它，请列明
F130: SUBTOTAL(C) | G130: =SUBTOTAL(9,G103:G129) -> 0
A132: D | B132: 思科服务器
A133: =SUBTOTAL(103,$D$6:D133) -> 46 | B133: WS-C3850-48T-E | D133: 4 | E133: nos | G133: =D133*F133 -> 0
B134: CON-PSRT-WSC384TE | D134: 4 | E134: nos | G134: =D134*F134 -> 0
B135: CAB-TA-CN | D135: 8 | E135: nos | G135: =D135*F135 -> 0
B136: C3850-NM-4-10G | D136: 4 | E136: nos | G136: =D136*F136 -> 0
B137: S3850UK9-37E | D137: 4 | E137: nos | G137: =D137*F137 -> 0
B138: STACK-T1-50CM | D138: 4 | E138: nos | G138: =D138*F138 -> 0
B139: CAB-SPWR-30CM | D139: 4 | E139: nos | G139: =D139*F139 -> 0
B140: PWR-C1-350WAC | D140: 4 | E140: nos | G140: =D140*F140 -> 0
B141: PWR-C1-350WAC/2 | D141: 4 | E141: nos | G141: =D141*F141 -> 0
...
